 Dungeon Crawl Stone Soup version 0.29.1 (webtiles) character file.

Game seed: 679157692160446038

18314 Icepheonix32 the Carver (level 12, -15/101 HPs)
             Began as a Minotaur Fighter on Sept 14, 2022.
             Was an Initiate of Gozag.
             Demolished by a meliai simulacrum (20 damage)
             ... in a Gauntlet.
             The game lasted 00:29:00 (11310 turns).

Icepheonix32 the Carver (Minotaur Fighter)         Turns: 11310, Time: 00:29:02

Health: -15/101    AC: 17    Str: 34    XL:     12   Next: 26%
Magic:  11/11      EV: 11    Int:  9    God:    Gozag
Gold:   1210       SH:  5    Dex: 10    Spells: 11/11 levels left

rFire   + . .      SeeInvis .   L - +0 long sword (holy)
rCold   . . .      Faith    .   c - +0 buckler
rNeg    . . .      Spirit   .   C - +0 chain mail {rF+}
rPois   .          Reflect  .   (helmet restricted)
rElec   .          Harm     .   (no cloak)
rCorr   .          Rampage  .   (no gloves)
Will    .....      Clarity  +   E - +2 pair of boots
Stlth   .......... NoTele   +   v - amulet of regeneration
HPRegen 1.06/turn               n - +6 ring of intelligence
MPRegen 0.12/turn               i - +6 ring of dexterity

@: gold aura
A: horns 2, retaliatory headbutt, iridescent scales 1, clarity, clumsy 2, frail
1, strong 2, wild magic 1
a: Renounce Religion, Potion Petition, Call Merchant, Bribe Branch


You were in a Gauntlet.
You worshipped Gozag.
Gozag was most pleased with you.
You visited 3 branches of the dungeon, and saw 13 of its levels.
You also visited: Sewer and Gauntlet.

You collected 1375 gold pieces.
You paid 165 gold pieces to Gozag.

Inventory:

Hand Weapons
 p - a +6 long sword of freezing
 u - a +4 mace
 B - a +2 short sword of protection
 F - a +6 scimitar of electrocution
 K - a +4 scimitar
 L - a +0 long sword of holy wrath (weapon)
Missiles
 f - 6 boomerangs
 y - 4 curare-tipped darts (quivered)
 J - 2 throwing nets
Armour
 b - a +0 scale mail
 c - a +0 buckler (worn)
 C - a +0 chain mail of fire resistance (worn)
 E - a +2 pair of boots (worn)
Jewellery
 i - a +6 ring of dexterity (right hand)
 n - a +6 ring of intelligence (left hand)
 v - an amulet of regeneration (around neck)
 z - a ring of ice
 M - a ring of wizardry
Wands
 I - a wand of iceblast (1)
Scrolls
 e - 3 scrolls of fear
 g - a scroll of poison
 k - 2 scrolls of immolation
 l - 3 scrolls of amnesia
 m - 4 scrolls of teleportation
 t - 4 scrolls of vulnerability
 w - 2 scrolls of blinking
 G - 2 scrolls of summoning
 H - 2 scrolls of fog
Potions
 a - a potion of invisibility
 d - a potion of degeneration {unknown}
 j - 3 potions of lignification
 o - 5 potions of attraction
 q - 5 potions of curing
 s - 2 potions of flight
 x - 2 potions of haste


   Skills:
 * Level 12.8 Fighting
 - Level 5.2(9.7) Short Blades
 * Level 13.7(14.2) Long Blades
 - Level 3.1(3.8) Axes
 - Level 3.2(3.9) Maces & Flails
 + Level 1.5 Throwing
 + Level 10.6 Armour
 + Level 6.3 Dodging
 + Level 1.7 Stealth
 + Level 7.2 Shields
 + Level 0.1 Evocations


You had 11 spell levels left.
You didn't know any spells.
Your spell library contained the following spells:

 Spells                   Type           Power      Damage    Failure   Level
 Sting                    Tmut/Pois      0%         1d3       90%         1
 Ensorcelled Hibernation  Hex/Ice        0%         N/A       96%         2
 Passwall                 Tmut/Erth      0%         N/A       96%         2
 Poisonous Vapours        Pois/Air       0%         N/A       96%         2
 Ozocubu's Armour         Ice            0%         N/A       99%         3
 Swiftness                Air            0%         N/A       99%         3
 Olgreb's Toxic Radiance  Pois           0%         N/A       100%        4
 Ozocubu's Refrigeration  Ice            0%         4d7       100%        7


Dungeon Overview and Level Annotations

Branches:
Dungeon (11/15)            Temple (1/1) D:7            Lair (1/5) D:11
  Sewer (visited)         Gauntlet (1/1)
    Orc: D:9-12

Altars:
Ashenzari
Cheibriados
Dithmenos
Elyvilon
Fedhas
Gozag
Hepliaklqana
Kikubaaqudgha
Makhleb
Nemelex Xobeh
Okawaru
Qazlal
Ru
Sif Muna
Trog
Uskayaw
Vehumet
Wu Jian
Xom
Yredelemnul
Zin
The Shining One

Shops:
D:2 (   D:4 ?   D:9 [   D:11 [

Annotations:
Gauntlet 11 transporters, 4 runed translucent doors, exclusion: obsidian statue


Innate Abilities, Weirdness & Mutations

You have a pair of horns on your head.
You reflexively headbutt those who attack you in melee.
You are partially covered in iridescent scales. (AC +2)
You possess an exceptional clarity of mind.
You are very clumsy. (Dex -4)
You are frail. (-10% HP)
Your muscles are very strong. (Str +8, Int/Dex -2)
Your spells are a little harder to cast, but a little more powerful.


Message History

You enter the transporter and appear at another place.
You closely miss the hornet simulacrum. You headbutt the hornet simulacrum.
The hornet simulacrum is lightly damaged.
The hornet simulacrum closely misses you.
You hit the hornet simulacrum.
The hornet simulacrum convulses.
The hornet simulacrum is almost destroyed.
The hornet simulacrum hits you. The hornet simulacrum freezes you.
You closely miss the hornet simulacrum. You headbutt the hornet simulacrum.
The hornet simulacrum vaporises!
The wolf spider simulacrum hits you but does no damage.
The wolf spider simulacrum bites you but does no damage.
You slash the wolf spider simulacrum!
The wolf spider simulacrum convulses.
You headbutt the wolf spider simulacrum.
The wolf spider simulacrum is heavily damaged.
The meliai simulacrum hits you but does no damage.
You block the meliai simulacrum's attack.
The wolf spider simulacrum hits you!
The wolf spider simulacrum freezes you!!
The wolf spider simulacrum bites you but does no damage.
The meliai simulacrum hits you. The meliai simulacrum freezes you!
The meliai simulacrum closely misses you.
You hit the wolf spider simulacrum.
The wolf spider simulacrum convulses.
You headbutt the wolf spider simulacrum.
The wolf spider simulacrum is almost destroyed.
You block the meliai simulacrum's attack.
The meliai simulacrum hits you but does no damage.
The wolf spider simulacrum hits you.
The wolf spider simulacrum freezes you!!
* * * LOW HITPOINT WARNING * * *
You block the wolf spider simulacrum's attack.
The centaur warrior simulacrum is distracted by your dazzling golden aura.
The meliai simulacrum hits you.
* * * LOW HITPOINT WARNING * * *
The meliai simulacrum freezes you!!
* * * LOW HITPOINT WARNING * * *
The meliai simulacrum hits you.
* * * LOW HITPOINT WARNING * * *
The meliai simulacrum freezes you!!
You die...
Your body crumbles into a pile of gold.

##≈###≈###≈###≈###≈###≈##
#≈≈≈#≈≈≈#≈≈≈#≈≈≈#≈≈≈#≈≈≈#
#≈......................
##.#########...#########
##≈.#.......#.⌠.##z#.#.##
#≈≈.#.#.###.#...#z#z#.#.#
##≈.#..Z###[######z#.#?##
##©#.ZZ###©#©.©#z#.#^#©#
##..#Z##@...#.⌠.##.#©#.##
##...#.##...?#...#.#.#.#[#
##≈.∩.#ZZ.....#.⌠.##.#.#.
##≈≈...#########...######
#≈≈≈.⌠.........#.⌠......
##≈≈...#########...###
##≈.∩.#Y99....#.⌠.#..
##...#..#...!#...#g#. .#?#
##..#.###...#.⌠.#.#.#.#)#


You could see a catoblepas, 2 gargoyles, a wolf spider simulacrum, a centaur
warrior simulacrum and a meliai simulacrum.

Vanquished Creatures
  The ghost of videwesjr the Protected, a novice MiFi of Gozag (D:8)
  5 two-headed ogres
  6 elephants (Lair:1)
  4 molten gargoyles (D:10)
  A freezing wraith (D:11)
  2 komodo dragons
  3 trolls
  A wraith (D:11)
  32 yaks
  2 steam dragons
  2 water moccasins
  3 black bears
  3 orc warriors
  2 ogres
  3 ice beasts
  4 centaurs
  A phantom (D:5)
  5 kobold brigands (Sewer)
  4 bullfrogs
  5 necrophages
  2 scorpions (D:5)
  16 wights
  A hornet simulacrum (Gauntlet)
  7 killer bees
  3 quasits (D:8)
  A jelly (D:6)
  4 orc priests
  2 gnoll boudas
  2 hounds
  10 iguanas
  8 orc wizards
  16 adders
  12 gnolls
  11 river rats
  A white imp (D:7)
  2 ufetubi
  5 worms
  5 dart slugs
  36 orcs
  4 endoplasms
  4 giant cockroaches
  5 hobgoblins
  10 jackals
  15 kobolds
  3 quokkas (D:2)
  16 ball pythons
  9 bats
  6 frilled lizards
  5 goblins
  25 rats
  7 bushes (D:2)
342 creatures vanquished.

Vanquished Creatures (others)
  An orc (D:7)
  A demonic plant (Gauntlet)
  6 plants
8 creatures vanquished.

Grand Total: 350 creatures vanquished

Notes
Turn   | Place    | Note
-------+----------+-------------------------------------------
     0 | D:1      | Icepheonix32 the Minotaur Fighter began the quest for the
                  | Orb.
     0 | D:1      | Reached XP level 1. HP: 19/19 MP: 0/0
   260 | D:1      | Reached XP level 2. HP: 27/27 MP: 1/1
   792 | D:2      | Reached XP level 3. HP: 34/34 MP: 2/2
  1287 | D:2      | Found Roeje's Antique Weapon Shop.
  1467 | D:2      | Found a faded altar of an unknown god.
  1518 | D:2      | Gained mutation: You possess an exceptional clarity of
                  | mind. [potion of mutation]
  1518 | D:2      | Gained mutation: Your system is resistant to poisons.
                  | (rPois) [potion of mutation]
  1518 | D:2      | Gained mutation: You are partially covered in iridescent
                  | scales. (AC +2) [potion of mutation]
  1642 | D:2      | Reached XP level 4. HP: 41/41 MP: 3/3
  1985 | D:3      | Reached skill level 1 in Dodging
  2016 | D:3      | Reached skill level 5 in Fighting
  2255 | D:3      | Noticed an ice beast
  2260 | D:3      | Killed an ice beast
  2261 | D:3      | Reached XP level 5. HP: 48/48 MP: 4/4
  2372 | D:3      | Found a shimmering blue altar of Sif Muna.
  2403 | D:3      | Found a bloodstained altar of Trog.
  2518 | D:3      | Found a snail-covered altar of Cheibriados.
  2804 | D:4      | Reached skill level 5 in Armour
  2804 | D:4      | Reached XP level 6. HP: 57/57 MP: 5/5
  2837 | D:4      | Found Odyot's Magic Scroll Shoppe.
  2883 | D:4      | Reached skill level 1 in Long Blades
  3123 | D:4      | Noticed a water moccasin
  3132 | D:4      | Killed a water moccasin
  3227 | D:4      | Reached skill level 2 in Long Blades
  3231 | D:4      | Reached XP level 7. HP: 57/64 MP: 6/6
  3320 | D:4      | Reached skill level 1 in Short Blades
  3559 | D:5      | Entered Level 5 of the Dungeon
  3631 | D:5      | Reached skill level 1 in Maces & Flails
  3668 | D:5      | Reached skill level 3 in Long Blades
  3668 | D:5      | Reached skill level 1 in Stealth
  3713 | D:5      | Found a glowing drain.
  3719 | Sewer    | Entered a sewer
  3959 | Sewer    | Reached XP level 8. HP: 66/73 MP: 7/7
  4065 | Sewer    | Reached skill level 4 in Long Blades
  4065 | Sewer    | Reached skill level 5 in Shields
  5519 | D:6      | Reached XP level 9. HP: 59/81 MP: 8/8
  5533 | D:6      | Reached skill level 5 in Long Blades
  5614 | D:6      | Reached skill level 5 in Short Blades
  5615 | D:6      | Lost mutation: Your system is resistant to poisons. (rPois)
                  | [potion of mutation]
  5615 | D:6      | Lost mutation: You possess an exceptional clarity of mind.
                  | [potion of mutation]
  5615 | D:6      | Gained mutation: You are partially covered in large bone
                  | plates. (SH +4) [potion of mutation]
  5615 | D:6      | Gained mutation: You have hidden genetic defects. [potion
                  | of mutation]
  5615 | D:6      | Gained mutation: Your muscles are strong. (Str +4, Int/Dex
                  | -1) [potion of mutation]
  5616 | D:6      | Lost mutation: Your muscles are strong. (Str +4, Int/Dex
                  | -1) [potion of mutation]
  5616 | D:6      | Lost mutation: You are partially covered in large bone
                  | plates. (SH +4) [potion of mutation]
  5616 | D:6      | Gained mutation: You possess an exceptional clarity of
                  | mind. [potion of mutation]
  5616 | D:6      | Gained mutation: Your spells are a little harder to cast,
                  | but a little more powerful. [potion of mutation]
  5616 | D:6      | Gained mutation: Your system is resistant to poisons.
                  | (rPois) [potion of mutation]
  5712 | D:6      | Found a sparkling altar of Nemelex Xobeh.
  5782 | D:6      | Reached skill level 6 in Long Blades
  5920 | D:6      | Gained mutation: You have terrible hidden genetic defects.
                  | [hidden defects]
  5935 | D:6      | Reached skill level 5 in Dodging
  6227 | D:6      | Reached skill level 7 in Long Blades
  6282 | D:7      | Reached XP level 10. HP: 76/91 MP: 9/9
  6302 | D:7      | Gained mutation: You are clumsy. (Dex -2) [hidden defects]
  6302 | D:7      | Lost mutation: You have terrible hidden genetic defects.
                  | [hidden defects expressed]
  6400 | D:7      | Found a staircase to the Ecumenical Temple.
  6430 | Temple   | Entered the Ecumenical Temple
  7198 | D:7      | Found a broken altar of Ashenzari.
  7286 | D:8      | Reached skill level 8 in Long Blades
  7541 | D:8      | Gained mutation: You are frail. (-10% HP) [hidden defects]
  7557 | D:8      | Noticed a two-headed ogre
  7566 | D:8      | Killed a two-headed ogre
  7678 | D:8      | Found a transporter.
  7685 | D:8      | Noticed videwesjr's ghost (novice MiFi)
  7737 | D:8      | Killed videwesjr's ghost
  7738 | D:8      | Reached skill level 9 in Long Blades
  7760 | D:8      | Found a transporter.
  7768 | D:8      | Gained mutation: Your magical capacity is low. (-10% MP)
                  | [hidden defects]
  7768 | D:8      | Lost mutation: You have hidden genetic defects. [hidden
                  | defects expressed]
  7769 | D:8      | Lost mutation: Your system is resistant to poisons. (rPois)
                  | [potion of mutation]
  7769 | D:8      | Lost mutation: Your magical capacity is low. (-10% MP)
                  | [potion of mutation]
  7769 | D:8      | Gained mutation: You are very clumsy. (Dex -4) [potion of
                  | mutation]
  7769 | D:8      | Gained mutation: Your muscles are strong. (Str +4, Int/Dex
                  | -1) [potion of mutation]
  7769 | D:8      | Gained mutation: Your muscles are very strong. (Str +8,
                  | Int/Dex -2) [potion of mutation]
  8114 | D:8      | Reached skill level 10 in Fighting
  8435 | D:9      | Found a glowing golden altar of the Shining One.
  8470 | D:9      | Reached skill level 10 in Long Blades
  8945 | D:9      | Found Doikli's Armour Boutique.
  8962 | D:9      | Found an opulent altar of Gozag.
  8971 | D:9      | Became a worshipper of Gozag Ym Sagoz the Greedy
  9181 | D:9      | Noticed a two-headed ogre
  9252 | D:9      | Killed a two-headed ogre
  9253 | D:9      | Reached XP level 11. HP: 87/90 MP: 10/10
  9393 | D:10     | Entered Level 10 of the Dungeon
  9401 | D:10     | Found a hide-covered altar of Uskayaw.
  9516 | D:10     | Reached skill level 11 in Long Blades
  9681 | D:10     | Noticed a two-headed ogre
  9710 | D:10     | Killed a two-headed ogre
 10039 | D:10     | Reached skill level 12 in Long Blades
 10282 | D:11     | Reached skill level 10 in Armour
 10332 | D:11     | Found Jiuhyfics's Antique Armour Emporium.
 10407 | D:11     | Noticed a two-headed ogre
 10413 | D:11     | Killed a two-headed ogre
 10553 | D:11     | Found a staircase to the Lair.
 10555 | D:11     | Noticed a two-headed ogre
 10566 | D:11     | Killed a two-headed ogre
 10567 | D:11     | Reached skill level 13 in Long Blades
 10614 | Lair:1   | Entered Level 1 of the Lair of Beasts
 10663 | Lair:1   | Reached XP level 12. HP: 86/101 MP: 11/11
 10699 | Lair:1   | Reached skill level 1 in Throwing
 10784 | Lair:1   | Found a gate leading to a gauntlet.
 10793 | Gauntlet | Entered a Gauntlet
 10793 | Gauntlet | Found a transporter.
 10793 | Gauntlet | Found a transporter.
 10795 | Gauntlet | Noticed a catoblepas
 10842 | Gauntlet | Found a transporter.
 10842 | Gauntlet | Found a transporter.
 10846 | Gauntlet | Found a transporter.
 10846 | Gauntlet | Found a transporter.
 10872 | Gauntlet | Found a transporter.
 10876 | Gauntlet | Found a transporter.
 10880 | Gauntlet | Found a runed translucent door.
 10880 | Gauntlet | Found a runed translucent door.
 10880 | Gauntlet | Noticed a dire elephant
 10884 | Gauntlet | Found a transporter.
 10899 | Gauntlet | Found a runed translucent door.
 10900 | Gauntlet | Found a transporter.
 10901 | Gauntlet | Found a runed translucent door.
 10914 | Gauntlet | Found a transporter.
 10918 | Gauntlet | Found a transporter.
 11310 | Gauntlet | HP: 5/101 [meliai simulacrum (3)]
 11310 | Gauntlet | Demolished by a meliai simulacrum

Illustrated notes

Levels and vault maps discovered:
D:1:      eino_arrival_cavern_a, layout_basic
D:2:      layout_basic, hellmonk_ecumenical_altar_heavens_door, serial_shops,
          shop, serial_forest, infiniplex_forest_clump_curved,
          infiniplex_forest_straight_4, infiniplex_forest_clump_small,
          infiniplex_forest_straight_1, infiniplex_forest_lined_corner,
          chequers_garden
D:3:      layout_loops_cross, led_sif_pool, cheibrodos_worm_habitat,
          trog_three_pillars_becter
D:4:      layout_rooms, serial_shops, nicolae_shop_advertising_works
          [nicolae_subvault_shop_adworks]
D:5:      layout_cave_pools, lightli_sewer_entry_pipes, corexii_corridor_pit,
          wad_rectangle_vault
D:6:      layout_rooms, mainiacjoe_overflow_small_starburst
D:7:      layout_rooms, marbit_many_paths, minmay_temple_entry_stoned_glass
D:8:      layout_basic, gammafunk_ghost_stat_death,
          hangedman_abyss_or_decor_passed, roderic_lattice_a,
          hangedman_decor_diamond_cutter, minmay_misc_feat_x, minmay_lizard_king
D:9:      layout_cave_pods, tso_metal_star, grunt_gozag_statues, serial_shops,
          shop, minmay_fountain_box, minmay_misc_feat_nine_boxes
D:10:     layout_irregular_city, overflow_temple_1_default, minivault_8
D:11:     layout_roguey, lair_entry_dummy, serial_shops, shop,
          kennysheep_cross_room
Temple:   minmay_temple_curvy_branch
Lair:1:   layout_roguey [special_room_bee], gauntlet_entry_generic,
          nicolae_quartered_pool_medium
Gauntlet: minmay_gauntlet_77_indecision [minmay_gauntlet_arena_77_block_sizes,
          minmay_gauntlet_arena_77_double_cross,
          minmay_gauntlet_arena_77_checkered,
          minmay_gauntlet_arena_77_two_paths, minmay_gauntlet_arena_77_cramped,
          minmay_gauntlet_arena_77_shame_cube, gauntlet_exit_watery]

Skill      XL: |  1  2  3  4  5  6  7  8  9 10 11 12 |
---------------+-------------------------------------+-----
Fighting       | 4 5 6 7 8 9 10 12 | 12.8
Armour         | 4 5 6 7 8 9 10 | 10.6
Axes           | 3 |  3.1
Shields        | 4 5 6 7 |  7.2
Dodging        | 1 2 3 4 5 6 |  6.3
Long Blades    | 2 3 4 7 10 13 | 13.7
Short Blades   | 1 3 5 |  5.2
Maces & Flails | 2 3 |  3.2
Stealth        | 1 |  1.7
Throwing       | 1 |  1.5
Evocations     | |  0.1

Action                   |  1- 3 |  4- 6 |  7- 9 | 10-12 || total
-------------------------+-------+-------+-------+-------++-------
Melee: War axe           |   317 |    67 |       |       ||   384
       Headbutt          |    98 |    16 |    88 |   109 ||   311
       Short sword       |       |    28 |   206 |       ||   234
       Mace              |       |    13 |   157 |       ||   170
       Scimitar          |       |       |    67 |   400 ||   467
       Long sword        |       |       |       |    62 ||    62
Throw: Dart              |       |       |       |     9 ||     9
       Boomerang         |       |       |       |     2 ||     2
Evoke: Wand              |       |       |       |     4 ||     4
  Use: Scroll            |     8 |       |     6 |    12 ||    26
       Potion            |     1 |     1 |     7 |     9 ||    18
 Stab: Distracted        |       |       |       |     1 ||     1
Armor: Scale mail        |    44 |    68 |   219 |    84 ||   415
       Chain mail        |       |       |       |   158 ||   158
Dodge: Dodged            |    49 |    47 |   258 |   221 ||   575
Block: Buckler           |    12 |    25 |   116 |   134 ||   287
